Map: Catalyst LE

Players

blackxored - Winner!

  • Race: Zerg Zerg
  • League: Diamond
  • Spawn Location: 5:00

Vangi

  • Race: Terran Terran
  • League: Diamond
  • Spawn Location: 11:00

VOD

Have the link to the VOD?

Description

Time

  • Played on: Dec. 26, 2017, 11:37 a.m.
  • Length: 14:04
Show
View Real Time Build Order
Export as new Build Order

blackxored Zerg - Winner!

Build Orders: Hatch First 

Get SALT Encoding   

  12  0:01  Drone  
  13  0:12  Overlord  
  13  0:17  Drone  
  14  0:32  Drone x2  
  14  0:34  Drone  
  17  0:53  Hatchery  
  17  0:55  Drone  
  17  0:59  Drone  
  18  1:09  Extractor  
  17  1:14  Spawning Pool  
  17  1:16  Drone  
  17  1:20  Drone  
  18  1:28  Drone  
  19  1:39  Overlord  
  19  1:49  Drone  
  20  2:00  Queen  
  22  2:01  Zergling x2  
  22  2:04  Queen  
  22  2:05  Zergling x2  
  26  2:11  Zergling x2  
  27  2:16  Metabolic Boost  
  27  2:17  Drone  
  28  2:23  Drone  
  29  2:35  Extractor  
  29  2:36  Queen  
  31  2:48  Drone  
  31  2:49  Drone x2  
  31  2:50  Drone x2  
  36  2:52  Pneumatized Carapace  
  36  3:04  Overlord x2  
  36  3:11  Drone, Extractor  
  36  3:13  Drone, Extractor  
  38  3:25  Drone x6  
  44  3:46  Hatchery  
  43  3:58  Evolution Chamber  
  43  3:59  Evolution Chamber  
  41  4:04  Zergling x22  
  41  4:07  Spore Crawler  
  41  4:09  Spore Crawler  
  50  4:11  Drone  
  51  4:18  Drone  
  51  4:21  Overlord  
  52  4:29  Overlord  
  52  4:30  Overlord  
  52  4:34  Zergling x2  
  50  4:38  Queen  
  52  4:47  Queen  
  52  4:48  Overlord x2  
  52  4:52  Baneling Nest  
  53  4:57  Zerg Melee Weapons Level 1  
  53  4:58  Zerg Ground Armor Level 1  
  53  5:04  Queen  
  55  5:11  Drone x2  
  55  5:13  Drone x2  
  59  5:14  Queen  
  61  5:39  Queen  
  61  6:00  Drone x15  
  76  6:05  Lair  
  76  6:06  Drone x2  
  76  6:28  Zergling x18  
  85  6:34  Overlord  
  85  6:35  Overlord x2  
  85  6:36  Queen  
  87  6:43  Zergling x2  
  87  6:44  Zergling x6  
  87  6:45  Baneling x9  
  91  6:49  Baneling  
  91  6:51  Overlord x2  
  91  7:04  Drone  
  91  7:05  Drone x2, Extractor  
  91  7:06  Drone x3  
  95  7:13  Drone x2, Extractor  
  95  7:14  Extractor  
  95  7:16  Drone x3  
  95  7:17  Drone x2  
  100  7:24  Drone  
  100  7:26  Hatchery  
  100  7:32  Hatchery  
  97  7:57  Overseer  
  94  8:00  Drone x6  
  94  8:02  Extractor  
  94  8:04  Extractor  
  98  8:06  Zerg Melee Weapons Level 2  
  98  8:12  Overlord x3  
  98  8:27  Drone, Centrifical Hooks  
  99  8:34  Drone x3  
  99  8:38  Overlord  
  99  8:39  Overlord x2  
  102  8:43  Overlord x3  
  102  8:45  Zerg Ground Armor Level 2  
  102  8:48  Drone x3  
  105  8:49  Queen  
  105  8:53  Overlord  
  105  8:54  Overlord  
  106  9:06  Zergling x4  
  106  9:07  Zergling x16  
  116  9:11  Baneling x13  
  116  9:12  Zergling x6  
  116  9:17  Queen  
  119  9:20  Queen  
  119  9:22  Drone x5  
  128  9:24  Queen  
  130  9:33  Zergling x10  
  130  9:35  Baneling  
  130  9:36  Baneling x16  
  135  9:49  Zergling x18  
  135  9:50  Zergling x2  
  134  10:01  Zergling x14  
  131  10:07  Zergling x6  
  131  10:13  Zergling x2  
  131  10:14  Zergling x2  
  130  10:15  Baneling x11  
  130  10:16  Baneling x6  
  130  10:22  Spire, Drone x5  
  134  10:37  Zergling x14  
  134  10:40  Hatchery  
  139  10:54  Zergling x10  
  139  10:55  Zergling x18  
  152  11:00  Zergling x6  
  152  11:01  Baneling  
  152  11:02  Baneling x8  
  148  11:17  Zergling x18  
  144  11:25  Drone, Zergling x2  
  145  11:30  Zergling x8  
  129  11:41  Zergling x10  
  129  11:43  Baneling x9  
  134  11:52  Baneling x8  
  134  11:53  Zergling x12, Baneling x9  
  138  11:58  Zerg Flyer Armor Level 1  
  138  12:03  Infestation Pit  
  137  12:11  Zergling x20  
  147  12:19  Zergling x2  
  147  12:20  Zergling x4  
  127  12:35  Zergling x18  
  127  12:36  Zergling x8  
  136  12:42  Zergling x2  
  136  12:43  Zergling x10  
  141  12:48  Baneling x18  
  141  12:49  Zergling x6, Baneling  
  143  12:55  Drone x3  
  143  12:57  Extractor  
  145  13:00  Extractor  
  144  13:12  Zergling x8  
  144  13:13  Zergling x12  
  144  13:16  Zergling x4  
  152  13:22  Zergling x14  
  152  13:26  Zergling x2  
  162  13:27  Zergling x18  
  162  13:28  Baneling  
  162  13:29  Baneling x5  
  145  13:35  Zergling x8  
  145  13:40  Baneling x15  
  145  13:41  Baneling  
  147  13:44  Zergling x10  
Show
View Real Time Build Order
Export as new Build Order

Vangi Terran 

Build Orders: Liberator Opening, Reaper Expand, MMM Bio 

Get SALT Encoding   

  12  0:01  SCV  
  13  0:13  SCV  
  14  0:17  Supply Depot  
  14  0:25  SCV  
  15  0:39  SCV  
  15  0:41  Barracks  
  16  0:44  Refinery  
  16  0:51  SCV  
  17  1:03  SCV  
  18  1:15  SCV  
  19  1:29  Reaper, Orbital Command  
  20  1:40  Command Center  
  20  1:53  Supply Depot  
  20  1:55  SCV  
  21  2:05  Marine, Factory  
  22  2:09  SCV  
  22  2:14  Refinery  
  23  2:21  SCV  
  24  2:30  Barracks Reactor  
  24  2:40  SCV  
  25  2:53  Orbital Command  
  25  2:59  SCV  
  26  3:09  Barracks  
  26  3:14  Starport  
  26  3:18  SCV  
  26  3:19  SCV  
  28  3:25  Command Center  
  28  3:29  Hellion  
  28  3:30  Hellion  
  28  3:33  SCV  
  28  3:34  SCV  
  34  3:54  Hellion, Liberator  
  34  3:55  Hellion  
  38  3:56  Barracks Tech Lab  
  38  3:57  Marine  
  38  4:07  Supply Depot  
  38  4:08  Supply Depot  
  38  4:09  SCV x2  
  40  4:16  Marine, Stimpack  
  44  4:17  Barracks Reactor  
  44  4:24  Supply Depot  
  44  4:27  Supply Depot  
  44  4:29  Engineering Bay  
  44  4:34  Supply Depot  
  44  4:42  SCV  
  44  4:43  Orbital Command  
  45  4:46  Marine  
  46  4:55  SCV x2  
  46  4:56  Terran Infantry Weapons Level 1  
  46  4:58  Engineering Bay  
  48  5:05  Marine  
  48  5:06  Marine  
  48  5:07  SCV, Starport Reactor  
  51  5:16  SCV  
  51  5:19  SCV x2  
  51  5:20  Refinery  
  54  5:22  Refinery  
  54  5:28  SCV  
  54  5:33  Marine x2, SCV x2  
  59  5:38  Barracks  
  59  5:40  Barracks  
  59  5:41  SCV  
  58  5:45  SCV  
  59  5:54  Medivac x2, SCV  
  58  5:57  SCV x2  
  60  6:06  Terran Infantry Armor Level 1  
  60  6:09  Armory  
  60  6:11  Marine x2  
  60  6:15  Hellion x2  
  66  6:23  SCV x2  
  68  6:29  Orbital Command  
  68  6:37  SCV  
  68  6:38  SCV  
  70  6:43  Supply Depot  
  70  6:44  Supply Depot  
  70  6:45  Supply Depot  
  70  6:48  Medivac x2  
  70  6:49  Marine x2  
  70  6:50  SCV x2  
  70  6:51  Barracks Reactor x2  
  78  6:56  SCV  
  79  7:02  SCV x2  
  81  7:09  SCV  
  81  7:11  Marine x2  
  81  7:12  Marine  
  81  7:14  SCV x2  
  87  7:28  SCV x2  
  87  7:29  Marine x6  
  94  7:30  Marine  
  94  7:31  Terran Infantry Weapons Level 2  
  96  7:37  Barracks  
  96  7:38  Barracks  
  96  7:47  Marine x3  
  96  7:48  Marauder  
  93  8:01  Marine x3  
  93  8:05  Marine x3, Terran Infantry Armor Level 2  
  99  8:09  SCV x2  
  99  8:11  Barracks, Refinery  
  99  8:12  Refinery  
  101  8:14  Barracks  
  101  8:17  Command Center  
  101  8:19  Marine, Supply Depot  
  102  8:21  Supply Depot  
  102  8:22  Combat Shields, Supply Depot  
  102  8:24  Marine  
  102  8:25  Marine x2  
  105  8:29  Barracks Reactor  
  105  8:35  Barracks Reactor  
  105  8:36  Missile Turret  
  105  8:37  Missile Turret  
  105  8:39  Missile Turret  
  105  8:40  Marine x3  
  105  8:41  Marine  
  109  8:44  Marine  
  110  8:49  Marine x2  
  110  8:51  Factory Tech Lab  
  110  8:52  Barracks  
  112  8:56  Medivac x2  
  112  8:58  Marine x3  
  112  8:59  Marauder  
  112  9:02  Marine  
  122  9:05  Marine x3  
  122  9:06  Marine  
  122  9:07  Marine  
  127  9:20  Marauder  
  129  9:28  Barracks Tech Lab x2  
  129  9:29  Siege Tank  
  132  9:34  SCV  
  132  9:35  SCV  
  132  9:36  Barracks, Factory  
  132  9:37  Barracks, Marine x2  
  136  9:42  Command Center, Marauder  
  125  10:02  Marine x2  
  125  10:03  Marine, Marauder  
  125  10:04  Marine x3  
  108  10:13  Marine x3  
  108  10:14  Marine, Marauder  
  111  10:24  Medivac x2  
  111  10:26  Barracks Tech Lab x2  
  111  10:27  Factory Tech Lab  
  111  10:28  Marine x2, Siege Tank  
  118  10:29  Marine x2, Marauder  
  124  10:38  Marine x2  
  126  10:52  Marine x5  
  126  10:53  Marauder  
  126  10:55  Marine x5  
  126  10:56  Marine, Marauder  
  141  11:01  Marine x3  
  141  11:02  Marauder  
  146  11:10  Marine x4  
  136  11:14  Marauder  
  117  11:22  Marine x2  
  117  11:23  Marauder  
  119  11:27  Marine x2, Marauder x2  
  119  11:30  Marine x5  
  119  11:31  Marauder  
  107  11:35  Marauder  
  107  11:37  Marine x3  
  109  11:50  Siege Tank  
  109  11:51  Siege Tank  
  109  11:53  Liberator x2  
  120  12:26  Marine x4  
  120  12:27  Marine x4, Marauder  
  90  12:30  Marine x3  
  90  12:31  Marine  
  90  12:34  Marine x2  
  90  12:35  Marine, Marauder  
  82  12:44  Marine x6  
  82  12:45  Marine x2  
  82  12:48  Marine x3  
  93  12:54  Barracks Reactor  
  93  12:55  Barracks Reactor  
  93  13:03  Marine x2  
  85  13:17  Siege Tank  
  85  13:19  Factory Tech Lab  
  85  13:39  Marine x3  
  85  13:40  Marauder  
Tags
 
Add a new tag
Caveats
  • Supply blocks, unpowered buildings, or Contaminate may cause inaccurate times.
  • Supply counts are checked every 10 seconds.